 Dungeon Crawl Stone Soup version 0.22.0-36-g8e74550 (webtiles) character file.

2065 Gildeon the Magician (level 9, -9/49 HPs)
             Began as a Deep Elf Fire Elementalist on Aug 24, 2018.
             Was an Initiate of Cheibriados.
             Killed by divine providence
             ... invoked by an orc priest
              (11 damage)
             ... on level 6 of the Dungeon.
             The game lasted 00:27:07 (5924 turns).

Gildeon the Magician (Deep Elf Fire Elementalist)   Turns: 5924, Time: 00:27:08

Health: -9/49      AC:  7    Str:  6    XL:     9   Next: 5%
Magic:  15/22      EV: 14    Int: 25    God:    Cheibriados [......]
Gold:   305        SH:  0    Dex: 16    Spells: 5/23 levels left

rFire    . . .     SeeInvis +   n - +10 mace of the Equator {drain, +Rage rN+ SInv}
rCold    . . .     Gourm    .   (no shield)
rNeg     + . .     Faith    .   a - +2 robe
rPois    +         Spirit   .   o - +0 helmet
rElec    .         Reflect  .   (no cloak)
rCorr    .         Harm     .   r - +1 pair of gloves
MR       .....                  (no boots)
Stlth    +++.......             (no amulet)
HPRegen  0.16/turn              d - ring of poison resistance
MPRegen  0.18/turn              (no ring)

@: flying, very slow
A: no striking features
a: Bend Time, Renounce Religion, Evoke Berserk Rage


You were on level 6 of the Dungeon.
You worshipped Cheibriados.
Cheibriados was noncommittal.
You were hungry.

You visited 2 branches of the dungeon, and saw 7 of its levels.

You collected 305 gold pieces.

Inventory:

Hand Weapons
 n - the +10 mace of the Equator (weapon) {drain, +Rage rN+ SInv}
   (You found it on level 4 of the Dungeon)

   A truly terrible weapon, it drains the life of those it strikes.
   It protects you from negative energy.
   It lets you see invisible.
   It lets you go berserk.
Armour
 a - a +2 robe (worn)
 o - a +0 helmet (worn)
 p - a +0 troll leather armour {Purgy}
 r - a +1 pair of gloves (worn)
Jewellery
 d - a ring of poison resistance (left hand)
Wands
 m - a wand of paralysis (15)
Scrolls
 b - a scroll of blinking
 f - a scroll of teleportation
Potions
 g - 3 potions of agility
 h - 2 potions of curing {unknown}
 i - 3 potions of heal wounds {unknown}
 k - 3 potions of lignification {unknown}
 l - a potion of berserk rage {unknown}
 q - a potion of degeneration {unknown}
Comestibles
 c - 8 rations
 t - 11 chunks of flesh


   Skills:
 + Level 2.3 Fighting
 + Level 3.7 Dodging
 + Level 4.0 Stealth
 + Level 7.6 Spellcasting
 + Level 5.7 Conjurations
 - Level 3.1 Hexes
 + Level 6.8 Fire Magic
 + Level 1.2 Invocations
 - Level 5.0 Evocations


You had 5 spell levels left.
You knew the following spells:

 Your Spells              Type           Power        Failure   Level  Hunger
a - Flame Tongue          Conj/Fire      #####        1%          1    None
b - Throw Flame           Conj/Fire      #####.       1%          2    None
c - Conjure Flame         Conj/Fire      #####...     1%          3    None
d - Inner Flame           Hex/Fire       ####....     2%          3    None
e - Sticky Flame          Conj/Fire      #####...     4%          4    ##.....
f - Fireball              Conj/Fire      #####.....   13%         5    #####..

Your spell library contained the following spells:

 Spells                   Type           Power        Failure   Level  Hunger


Dungeon Overview and Level Annotations

Branches:
Dungeon (6/15)             Temple (1/1) D:5

Altars:
Ashenzari
Cheibriados
Dithmenos
Elyvilon
Fedhas
Gozag
Hepliaklqana
Kikubaaqudgha
Makhleb
Nemelex Xobeh
Okawaru
Qazlal
Ru
Sif Muna
Trog
Uskayaw
Vehumet
Wu Jian
Xom
Yredelemnul

Shops:
D:4 [


Message History

The orc priest closely misses you.
Casting: Flame Tongue (safe; 1% risk of failure)
Confirm with . or Enter, or press ? or * to list all spells.
Aiming: Flame Tongue (safe; 1% risk of failure)
Press: ? - help, Shift-Dir - straight line, f/p - orc priest
Aim: an orc priest (lightly wounded)
The flame tongue hits the orc priest.
The orc priest is heavily wounded.
The orc priest looks satisfied for a moment.
Casting: Flame Tongue (safe; 1% risk of failure)
Confirm with . or Enter, or press ? or * to list all spells.
Aiming: Flame Tongue (safe; 1% risk of failure)
Press: ? - help, Shift-Dir - straight line, f/p - orc priest
Aim: an orc priest (heavily wounded)
The flame tongue hits the orc priest.
The orc priest is severely wounded.
You are feeling hungry.
The orc priest calls down the wrath of Beogh upon you.
Beogh smites you!
You die...

#.# #.# # ... # #' #.#
#. ... #.# #. ....
####.# #. ..... ##.##.##
#.
......####......#######.
.....co@..(.............
......####...#.######...
..... ##.##.# #... ....
####.# #... ... #.# ##..
#+ #.# ##. #.# #. #. #.


You could see a centaur and an orc priest.

Vanquished Creatures
  Eustachio (D:4)
  Purgy (D:4)
  A black bear (D:6)
  A sky beast (D:5)
  6 ogres
  A centaur (D:5)
  A bullfrog (D:6)
  A scorpion (D:6)
  2 crimson imps (D:5)
  A centaur zombie (D:4)
  3 hounds
  6 orc wizards
  4 orc priests
  A jelly (D:5)
  2 bullfrog skeletons (D:4)
  Natasha (thrice) (D:4)
  2 iguanas (D:4)
  5 worker ants
  A howler monkey zombie (D:5)
  3 adders
  An ooze (D:2)
  4 worms
  A dart slug (D:1)
  26 orcs
  3 ball pythons
  2 giant cockroaches (D:1)
  11 goblins
  5 hobgoblins
  5 jackals
  4 kobolds
  4 quokkas
  A ball python skeleton (D:5)
  3 bats
  5 frilled lizards
  8 rats
129 creatures vanquished.

Vanquished Creatures (others)
  A quokka (D:6)
1 creature vanquished.

Grand Total: 130 creatures vanquished

Notes
Turn   | Place    | Note
-------+----------+-------------------------------------------
     0 | D:1      | Gildeon the Deep Elf Fire Elementalist began the quest for the Orb.
     0 | D:1      | Reached XP level 1. HP: 10/10 MP: 6/6
   181 | D:1      | Reached XP level 2. HP: 15/15 MP: 4/8
   185 | D:1      | Learned a level 2 spell: Throw Flame
   795 | D:2      | Reached XP level 3. HP: 19/19 MP: 5/10
   800 | D:2      | Learned a level 3 spell: Conjure Flame
   804 | D:2      | Learned a level 3 spell: Inner Flame
   963 | D:2      | Reached skill level 4 in Spellcasting
  1010 | D:2      | Reached skill level 1 in Hexes
  1071 | D:2      | Reached XP level 4. HP: 23/24 MP: 10/12
  2484 | D:4      | Noticed Eustachio
  2513 | D:4      | Killed Eustachio
  2513 | D:4      | Reached skill level 5 in Spellcasting
  2513 | D:4      | Reached XP level 5. HP: 16/28 MP: 5/14
  2513 | D:4      | Reached XP level 6. HP: 18/32 MP: 5/15
  2519 | D:4      | Learned a level 4 spell: Sticky Flame
  2911 | D:4      | Reached skill level 5 in Fire Magic
  2925 | D:4      | Reached skill level 1 in Evocations
  3025 | D:4      | Found Cukk's Antique Armour Emporium.
  3102 | D:4      | Reached skill level 1 in Fighting
  3172 | D:4      | Got an iridescent mace
  3173 | D:4      | Identified the +10 mace of the Equator {drain, +Rage rN+ SInv} (You found it on level 4 of the Dungeon)
  3269 | D:4      | Noticed Natasha
  3272 | D:4      | Killed Natasha
  3378 | D:4      | Noticed Purgy
  3394 | D:4      | Reached XP level 7. HP: 38/38 MP: 12/16
  3399 | D:4      | Killed Purgy
  3406 | D:4      | Noticed Natasha
  3411 | D:4      | Killed Natasha
  3475 | D:4      | Noticed Natasha
  3487 | D:4      | Killed Natasha
  3548 | D:4      | Reached skill level 5 in Conjurations
  3753 | D:4      | Found an ancient bone altar of Kikubaaqudgha.
  4095 | D:5      | Entered Level 5 of the Dungeon
  4142 | D:5      | Reached skill level 6 in Spellcasting
  4272 | D:5      | Reached XP level 8. HP: 11/44 MP: 12/19
  4317 | D:5      | Learned a level 5 spell: Fireball
  4533 | D:5      | Found an iron altar of Okawaru.
  5039 | D:5      | Reached skill level 7 in Spellcasting
  5074 | D:5      | Reached skill level 5 in Evocations
  5267 | D:5      | Found a staircase to the Ecumenical Temple.
  5328 | Temple   | Entered the Ecumenical Temple
  5404 | Temple   | Became a worshipper of Cheibriados the Contemplative
  5711 | D:6      | Found a white marble altar of Elyvilon.
  5780 | D:6      | Reached skill level 1 in Invocations
  5786 | D:6      | Reached XP level 9. HP: 41/48 MP: 6/22
  5920 | D:6      | HP: 1/49 [centaur/arrow (2)]
  5924 | D:6      | Killed from afar by an orc priest

Skill      XL: |  1  2  3  4  5  6  7  8 |
---------------+-------------------------+-----
Conjurations   | 2 3 4 5 |  5.7
Spellcasting   | 4 5 6 7 |  7.6
Hexes          | 1 3 |  3.1
Fire Magic     | 4 5 6 |  6.8
Evocations     | 1 4 5 |  5.0
Fighting       | 1 2 |  2.3
Stealth        | 4 |  4.0
Dodging        | 3 |  3.7
Invocations    | 1 |  1.2

Action                   |  1- 3 |  4- 6 |  7- 9 || total
-------------------------+-------+-------+-------++-------
Melee: Mace              |       |       |    17 ||    17
 Cast: Flame Tongue      |    56 |    93 |   168 ||   317
       Conjure Flame     |       |       |     2 ||     2
  Use: Scroll            |       |     6 |     3 ||     9
       Potion            |       |       |     1 ||     1
  Eat: Chunk             |       |     4 |     4 ||     8
       Ration            |       |     1 |     1 ||     2
Armor: Robe              |       |     9 |    23 ||    32
Dodge: Dodged            |     6 |    37 |    44 ||    87
